 Dungeon Crawl Stone Soup version 0.27-a0-1202-ge72e49191c (webtiles) character file.

Game seed: 3919462313212740392

51 Ancestrald the Cudgeller (level 3, 0/23 HPs)
             Began as a Gargoyle Monk on June 2, 2021.
             Was a Priest of Elyvilon.
             Frozen to death by an endoplasm (3 damage)
             ... on level 2 of the Dungeon.
             The game lasted 00:12:39 (2133 turns).

Ancestrald the Cudgeller (Gargoyle Monk)            Turns: 2133, Time: 00:12:40

Health: 0/23       AC:  5    Str: 15    XL:     3   Next: 81%
Magic:  3/3        EV: 12    Int: 10    God:    Elyvilon [***...]
Gold:   120        SH:  0    Dex: 12    Spells: 2/2 levels left

rFire    . . .     SeeInvis .   a - +1 mace
rCold    . . .     Faith    .   (no shield)
rNeg     + . .     Spirit   .   b - +0 robe
rPois    ∞         Reflect  .   (no helmet)
rElec    +         Harm     .   (no cloak)
rCorr    .         Rampage  .   (no gloves)
Will     .....                  (no boots)
Stlth    ++........             (no amulet)
HPRegen  0.07/turn              (no ring)
MPRegen  0.08/turn              (no ring)

@: no status effects
A: sickness immunity, AC +3, negative energy resistance 1, electricity
resistance, torment resistance 1, petrification resistance
a: Renounce Religion, Lesser Healing, Heal Other, Purification, Divine
Protection


You were on level 2 of the Dungeon.
You worshipped Elyvilon.
Elyvilon was most pleased with you.
You visited 1 branch of the dungeon, and saw 2 of its levels.

You collected 120 gold pieces.

Inventory:

Hand Weapons
 a - a +1 mace (weapon)
 c - a +0 dagger
 d - a +0 dagger
 i - a +0 dagger
 j - a +0 club
 m - a +0 war axe
 n - a +0 dagger
 o - a +0 dagger
 r - a +0 short sword
 t - a +0 mace
 v - a +0 spear
 w - a +0 whip
Missiles
 e - 42 stones (quivered)
 h - 16 arrows
Armour
 b - a +0 robe (worn)
 f - a +0 leather armour
 k - a +0 robe
Scrolls
 l - 2 scrolls of identify
 q - a scroll of fog {unknown}
 s - a scroll of vulnerability {unknown}
 u - a scroll of amnesia {unknown}
 x - a scroll of noise
Potions
 p - a potion of haste {unknown}


   Skills:
 + Level 3.6 Fighting
 + Level 3.8 Maces & Flails
 + Level 2.9 Dodging
 + Level 2.5 Stealth


You had 2 spell levels left.
You didn't know any spells.
Your spell library contained the following spells:

 Spells                   Type           Power      Damage    Failure   Level
 Magic Dart               Conj           0%         1d3       36%         1
 Searing Ray              Conj           0%         3d3       50%         2
 Dazzling Flash           Conj/Hex       0%         N/A       75%         3
 Fulminant Prism          Conj/Hex       0%         3d6       98%         4
 Iskenderun's Mystic Bla  Conj/Tloc      0%         2d3       98%         4


Dungeon Overview and Level Annotations

Branches:
Dungeon (2/15)

Altars:
Elyvilon


Innate Abilities, Weirdness & Mutations

You are immune to sickness and miasma.
Your stone body is resilient. (AC +3)
You are immune to poison.
You resist negative energy. (rN+)
You are resistant to electric shocks. (rElec)
You are resistant to unholy torment.
You are immune to petrification.


Message History

The adder is severely wounded.
The adder bites you but does no damage.
You closely miss the adder.
The adder is severely wounded.
The adder bites you. x2
You barely miss the adder.
The adder is severely wounded.
The adder closely misses you.
You barely miss the adder.
The adder is severely wounded.
The adder bites you but does no damage. The adder bites you.
* * * LOW HITPOINT WARNING * * *
You feel better. The adder bites you.
* * * LOW HITPOINT WARNING * * *
You closely miss the adder.
The adder is severely wounded.
The adder barely misses you. The adder bites you.
* * * LOW HITPOINT WARNING * * *
You barely miss the adder.
The adder is heavily wounded.
The adder barely misses you. The adder bites you.
* * * LOW HITPOINT WARNING * * *
You sock the adder!
You kill the adder!
The ball python closely misses you. The ball python misses you.
You feel better. The ball python misses you. x2
You hit the ball python.
You kill the ball python!
The endoplasm jiggles.
You hit the endoplasm.
The endoplasm is severely wounded.
The endoplasm freezes you.
You are frozen.
* * * LOW HITPOINT WARNING * * *
The endoplasm barely misses you.
You hit the endoplasm but do no damage.
The endoplasm is severely wounded.
The endoplasm freezes you.
You are frozen.
You die...

.......# #. #...# ..>....##
######## .....#. ........ . ...
........ #.#.# ...##... #.#.#
..... #... #...# ... #...
....... ###J# ... #... .......
#@# ... #... ....... #†## #.#
#... ....... #..# ##.#####...
.......##########.## #..........
#.................####..#####...
#...............#.##............
#.............#..#.#..########
.###.........######.#.#..#
..........#### #.#.#..#


You could see an endoplasm.

Vanquished Creatures
  An adder (D:2)
  2 dart slugs (D:1)
  2 bats
  2 endoplasms (D:1)
  2 giant cockroaches (D:1)
  2 goblins (D:1)
  6 hobgoblins
  6 ball pythons
  3 frilled lizards
  5 kobolds
  5 rats
36 creatures vanquished.

Vanquished Creatures (others)
  16 plants (D:2)
16 creatures vanquished.

Grand Total: 52 creatures vanquished

Notes
Turn   | Place    | Note
-------+----------+-------------------------------------------
     0 | D:1      | Ancestrald the Gargoyle Monk began the quest for the Orb.
     0 | D:1      | Reached XP level 1. HP: 14/14 MP: 1/1
   345 | D:1      | Reached XP level 2. HP: 16/19 MP: 2/2
   547 | D:1      | Found a faded altar of an unknown god.
   560 | D:1      | Became a worshipper of Elyvilon the Healer
   560 | D:1      | Reached * piety under Elyvilon
   560 | D:1      | Reached ** piety under Elyvilon
   675 | D:1      | Reached *** piety under Elyvilon
   998 | D:1      | Reached XP level 3. HP: 5/23 MP: 3/3
  2128 | D:2      | HP: 1/23 [adder (4)]
  2133 | D:2      | Frozen to death by an endoplasm

Illustrated notes

Levels and vault maps discovered:
D:1:      nzn_arrival_water_spiral, layout_basic,
          shapermc_ecumenical_altar_totnotflames
D:2:      layout_basic, serial_shops, shop, st_stairs_4, grunt_ministairs_12,
          lexackson_kobold_supper

Action                   || total
-------------------------++-------
Melee: Mace              ||   124
  Use: Scroll            ||     3
       Potion            ||     3
 Stab: Sleeping          ||     3
Armor: Robe              ||    46
Dodge: Dodged            ||   106

Table legend: (Time is in decaauts)
 A = Elapsed time spent in this place.
 B = Non-inter-level travel time spent in this place.
 C = Inter-level travel time spent in this place.
 D = Time resting spent in this place.
 E = Time spent auto-exploring this place.
 F = Levels seen in this place.
 G = Mean time per level.
                   A        B        C        D        E       F      G
               +--------+--------+--------+--------+--------+-----+--------+
         Total |   2161 |   2161 |      0 |    338 |   1072 |   2 | 1080.5 |
       Dungeon |   2161 |   2161 |      0 |    338 |   1072 |   2 | 1080.5 |
               +--------+--------+--------+--------+--------+-----+--------+

Top non-repeatable levels by time:
     D:1: 1680 daAuts
     D:2: 480 daAuts
